PBL
CHESTER PIRATES @ BROCKTON ROX
09/22/2048
 
TOP OF THE 1ST
Chester Pirates batting - Pitching for Brockton Rox : RHP Mitsuharu Yoshimoto
Pitching: RHP Mitsuharu Yoshimoto
Batting: RHB Mike Weeks 0-0: Ball
1-0: Ball
2-0: Ball
3-0: Called Strike
3-1: Foul Ball, location: 2F
3-2: Fly out, F7 (Line Drive, 78M, EV 103.1 MPH)
Batting: RHB Ryan Thurston 0-0: Foul Ball, location: 2F
0-1: Foul Ball, location: 2F
0-2: Strikes out swinging
Batting: RHB Zach Chmieleski 0-0: Ball
1-0: Ball
2-0: Swinging Strike
2-1: Foul Ball, location: 2F
2-2: Ball
3-2: Fly out, F6 (Popup, 6, EV 58.1 MPH)
Top of the 1st over - 0 runs, 0 hits, 0 errors, 0 left on base; Chester 0 - Brockton 0
BOTTOM OF THE 1ST
Brockton Rox batting - Pitching for Chester Pirates : RHP Mike Wilkinson
Pitching: RHP Mike Wilkinson
Batting: RHB Bob Reichley 0-0: Fly out, F1 (Line Drive, P, EV 61.2 MPH)
Batting: LHB Kenny Jackson 0-0: Ball
1-0: Called Strike
1-1: Foul Ball, location: 2F
1-2: Strikes out swinging
Batting: RHB Matt Walker 0-0: Ball
1-0: Called Strike
1-1: Called Strike
1-2: Strikes out swinging
Bottom of the 1st over - 0 runs, 0 hits, 0 errors, 0 left on base; Chester 0 - Brockton 0
TOP OF THE 2ND
Chester Pirates batting - Pitching for Brockton Rox : RHP Mitsuharu Yoshimoto
Batting: RHB Jason Rhodes 0-0: Called Strike
0-1: Ball
1-1: Called Strike
1-2: Ground out 5-3 (Groundball, 56, EV 107.5 MPH)
Batting: LHB Tommie Benefield 0-0: Called Strike
0-1: Ball
1-1: Called Strike
1-2: Ball
2-2: Strikes out swinging
Batting: RHB Matt Derrien 0-0: Ball
1-0: Ball
2-0: Ball
3-0: Called Strike
3-1: Base on Balls
Batting: RHB Joe Stepnowski 0-0: Ball
1-0: Ball
2-0: Ball
3-0: Base on Balls
Matt Derrien to second
Batting: RHB Zachery Loomis 0-0: Ball
1-0: Called Strike
1-1: Ball
2-1: Foul Ball, location: 2F
2-2: Ground out 6-3 (Groundball, 56, EV 98.8 MPH)
Top of the 2nd over - 0 runs, 0 hits, 0 errors, 2 left on base; Chester 0 - Brockton 0
BOTTOM OF THE 2ND
Brockton Rox batting - Pitching for Chester Pirates : RHP Mike Wilkinson
Batting: LHB Eric Gaugler 0-0: Called Strike
0-1: Foul Ball, location: 2F
0-2: Ground out 3-1 (Groundball, 34S, EV 91.2 MPH)
Batting: RHB Ryan Davis 0-0: Ball
1-0: Called Strike
1-1: Swinging Strike
1-2: Strikes out looking
Batting: SHB Mel Gonzalez 0-0: Foul Ball, location: 2F
0-1: Foul Ball, location: 2F
0-2: Strikes out looking
Bottom of the 2nd over - 0 runs, 0 hits, 0 errors, 0 left on base; Chester 0 - Brockton 0
TOP OF THE 3RD
Chester Pirates batting - Pitching for Brockton Rox : RHP Mitsuharu Yoshimoto
Batting: SHB Thad Shearing 0-0: Ground out 6-3 (Groundball, 4MD, EV 80.6 MPH)
Batting: RHB Mike Weeks 0-0: Foul Ball, location: 2F
0-1: Ball
1-1: Swinging Strike
1-2: Foul Ball, location: 2F
1-2: Foul Ball, location: 2F
1-2: SINGLE (Line Drive, 7LS, EV 100.6 MPH)
Batting: RHB Ryan Thurston 0-0: Called Strike
0-1: Ball
1-1: Ball
2-1: Foul Ball, location: 2F
2-2: Grounds into double play, 6-4-3 (Groundball, 6, EV 91.9 MPH)
Top of the 3rd over - 0 runs, 1 hit, 0 errors, 0 left on base; Chester 0 - Brockton 0
BOTTOM OF THE 3RD
Brockton Rox batting - Pitching for Chester Pirates : RHP Mike Wilkinson
Batting: RHB Jose Blocker 0-0: Foul Ball, location: 2F
0-1: Ball
1-1: SINGLE (Groundball, P, EV 85.0 MPH) (infield hit)
Batting: LHB Alexis Toxqui 0-0: Fielders Choice at 2nd, 4-6 (Groundball, 34, EV 81.9 MPH)
Batting: LHB Darby Starburster 0-0: Ball
Alexis Toxqui is caught stealing 2nd base 2-6
1-0: Called Strike
1-1: Ball
2-1: Foul Ball, location: 2F
2-2: Ground out 6-3 (Groundball, 6S, EV 93.8 MPH)
Bottom of the 3rd over - 0 runs, 1 hit, 0 errors, 0 left on base; Chester 0 - Brockton 0
TOP OF THE 4TH
Chester Pirates batting - Pitching for Brockton Rox : RHP Mitsuharu Yoshimoto
Batting: RHB Zach Chmieleski 0-0: Called Strike
0-1: Ball
1-1: Ball
2-1: Called Strike
2-2: Ball
3-2: SOLO HOME RUN (Flyball, 7D, EV 98.1 MPH), Distance : 395 ft
Batting: RHB Jason Rhodes 0-0: Ball
1-0: Called Strike
1-1: Swinging Strike
1-2: Strikes out looking
Batting: LHB Tommie Benefield 0-0: Ball
1-0: Foul Ball, location: 2F
1-1: Ball
2-1: Foul Ball, location: 2F
2-2: Ground out 6-3 (Groundball, 4, EV 103.1 MPH)
Batting: RHB Matt Derrien 0-0: Ball
1-0: Ball
2-0: Called Strike
2-1: Foul Ball, location: 2F
2-2: Fly out, F6 (Popup, 6M, EV 64.4 MPH)
Top of the 4th over - 1 run, 1 hit, 0 errors, 0 left on base; Chester 1 - Brockton 0
BOTTOM OF THE 4TH
Brockton Rox batting - Pitching for Chester Pirates : RHP Mike Wilkinson
Batting: RHB Bob Reichley 0-0: Called Strike
0-1: Ball
1-1: Foul Ball, location: 2F
1-2: Foul Ball, location: 2F
1-2: Ball
2-2: Foul Ball, location: 2F
2-2: Hit by Pitch
Batting: LHB Kenny Jackson 0-0: Fly out, F6 (Line Drive, 6M, EV 63.8 MPH)
Batting: RHB Matt Walker 0-0: Called Strike
0-1: Fly out, F7 (Flyball, 7, EV 86.2 MPH)
Batting: LHB Eric Gaugler 0-0: Ball
1-0: Swinging Strike
1-1: Called Strike
1-2: Strikes out looking
Bottom of the 4th over - 0 runs, 0 hits, 0 errors, 1 left on base; Chester 1 - Brockton 0
TOP OF THE 5TH
Chester Pirates batting - Pitching for Brockton Rox : RHP Mitsuharu Yoshimoto
Batting: RHB Joe Stepnowski 0-0: Ball
1-0: Called Strike
1-1: Fly out, F9 (Flyball, 89S, EV 83.8 MPH)
Batting: RHB Zachery Loomis 0-0: Ground out 5-3 (Groundball, 5, EV 85.0 MPH)
Batting: SHB Thad Shearing 0-0: Called Strike
0-1: Foul Ball, location: 2F
0-2: Foul Ball, location: 2F
0-2: Ball
1-2: Ball
2-2: Fly out, F7 (Line Drive, 7, EV 89.4 MPH)
Top of the 5th over - 0 runs, 0 hits, 0 errors, 0 left on base; Chester 1 - Brockton 0
BOTTOM OF THE 5TH
Brockton Rox batting - Pitching for Chester Pirates : RHP Mike Wilkinson
Batting: RHB Ryan Davis 0-0: Called Strike
0-1: Ball
1-1: Ball
2-1: Called Strike
2-2: Foul Ball, location: 2F
2-2: Strikes out swinging
Batting: SHB Mel Gonzalez 0-0: Ball
1-0: Fly out, F8 (Flyball, 8LD, EV 102.5 MPH)
Batting: RHB Jose Blocker 0-0: Ball
1-0: Ball
2-0: Swinging Strike
2-1: Foul Ball, location: 2F
2-2: Foul Ball, location: 2F
2-2: Ball
3-2: Base on Balls
Batting: LHB Alexis Toxqui 0-0: Ball
1-0: Ball
2-0: Fly out, F5 (Flyball, 56D, EV 86.2 MPH)
Bottom of the 5th over - 0 runs, 0 hits, 0 errors, 1 left on base; Chester 1 - Brockton 0
TOP OF THE 6TH
Chester Pirates batting - Pitching for Brockton Rox : RHP Mitsuharu Yoshimoto
Pitching: LHP Luis Izquierdo
Batting: RHB Mike Weeks 0-0: Ball
1-0: Fly out, F2 (Popup, 23F, EV 81.2 MPH)
Batting: RHB Ryan Thurston 0-0: Ball
1-0: Called Strike
1-1: Called Strike
1-2: Strikes out swinging
Batting: RHB Zach Chmieleski 0-0: Foul Ball, location: 2F
0-1: Foul Ball, location: 2F
0-2: Ball
1-2: Ball
2-2: Foul Ball, location: 2F
2-2: Strikes out looking
Top of the 6th over - 0 runs, 0 hits, 0 errors, 0 left on base; Chester 1 - Brockton 0
BOTTOM OF THE 6TH
Brockton Rox batting - Pitching for Chester Pirates : RHP Mike Wilkinson
Batting: LHB Darby Starburster 0-0: Ball
1-0: Ball
2-0: Fly out, F5 (Popup, 15, EV 87.5 MPH)
Batting: RHB Bob Reichley 0-0: Ball
1-0: Swinging Strike
1-1: Foul Ball, location: 2F
1-2: Foul Ball, location: 2F
1-2: Foul Ball, location: 2F
1-2: Foul Ball, location: 2F
1-2: Strikes out swinging
Batting: LHB Kenny Jackson 0-0: DOUBLE (Line Drive, 9LM, EV 88.8 MPH)
Batting: RHB Matt Walker 0-0: Ball
1-0: Called Strike
1-1: Ball
2-1: Ball
Wild Pitch!
Kenny Jackson to third
3-1: Foul Ball, location: 2F
3-2: Strikes out swinging
Bottom of the 6th over - 0 runs, 1 hit, 0 errors, 1 left on base; Chester 1 - Brockton 0
TOP OF THE 7TH
Chester Pirates batting - Pitching for Brockton Rox : LHP Luis Izquierdo
Batting: RHB Jason Rhodes 0-0: Ball
1-0: Ball
2-0: Ground out 5-3 (Groundball, 56S, EV 61.9 MPH)
Batting: LHB Tommie Benefield 0-0: Ball
1-0: Fly out, F7 (Line Drive, 78M, EV 91.2 MPH)
Batting: RHB Matt Derrien 0-0: Ball
1-0: Swinging Strike
1-1: Ball
2-1: Foul Ball, location: 2F
2-2: Ball
3-2: Strikes out swinging
Top of the 7th over - 0 runs, 0 hits, 0 errors, 0 left on base; Chester 1 - Brockton 0
BOTTOM OF THE 7TH
Brockton Rox batting - Pitching for Chester Pirates : RHP Mike Wilkinson
Pitching: LHP Ighlas Kumbuka
Batting: LHB Eric Gaugler 0-0: Called Strike
0-1: Foul Ball, location: 2F
0-2: Foul Ball, location: 2F
0-2: Ball
1-2: Foul Ball, location: 2F
1-2: Strikes out swinging
Batting: RHB Ryan Davis 0-0: Ball
1-0: Swinging Strike
1-1: Swinging Strike
1-2: Strikes out swinging
Batting: SHB Mel Gonzalez 0-0: SINGLE (Groundball, 6MD, EV 103.8 MPH)
Pinch Hitting: RHB Eric McClelland 0-0: Ball
1-0: Fielders Choice at 2nd, 6-4 (Groundball, 6, EV 106.9 MPH)
Bottom of the 7th over - 0 runs, 1 hit, 0 errors, 1 left on base; Chester 1 - Brockton 0
TOP OF THE 8TH
Chester Pirates batting - Pitching for Brockton Rox : LHP Luis Izquierdo
Pitching: RHP Wu-sheng Zi
Now at 1B: Eric McClelland
Batting: RHB Joe Stepnowski 0-0: Ball
1-0: Ball
2-0: Ground out 6-3 (Groundball, 56, EV 100.6 MPH)
Batting: RHB Zachery Loomis 0-0: Foul Ball, location: 2F
0-1: Ball
1-1: Fly out, F7 (Line Drive, 78D, EV 88.1 MPH)
Batting: SHB Thad Shearing 0-0: Ground out 4-3 (Groundball, 34, EV 82.5 MPH)
Top of the 8th over - 0 runs, 0 hits, 0 errors, 0 left on base; Chester 1 - Brockton 0
BOTTOM OF THE 8TH
Brockton Rox batting - Pitching for Chester Pirates : LHP Ighlas Kumbuka
Pinch Hitting: RHB Panam Palmer 0-0: Foul Ball, location: 2F
0-1: Foul Ball, location: 2F
0-2: Strikes out looking
Pinch Hitting: SHB Jose Santiago 0-0: Ball
1-0: Called Strike
1-1: Ball
2-1: Foul Ball, location: 2F
2-2: Ball
3-2: Strikes out swinging
Batting: RHB Bob Reichley 0-0: Ball
1-0: Swinging Strike
1-1: Called Strike
1-2: Foul Ball, location: 2F
1-2: SINGLE (Flyball, 3D, EV 90.6 MPH)
Batting: LHB Kenny Jackson 0-0: Ball
1-0: SINGLE (Groundball, 6MD, EV 101.9 MPH)
Bob Reichley to second
Runner from 2nd tries for 3rd, SAFE, throw by CF made to third
Pitching: RHP Sung-jae Choo
Batting: RHB Matt Walker 0-0: Ball
1-0: Ball
2-0: Ball
3-0: Base on Balls
Kenny Jackson to second
Pitching: RHP Tomas Cavazos
Batting: LHB Eric Gaugler 0-0: SINGLE (Groundball, 4M, EV 99.4 MPH) (infield hit)
Bob Reichley scores
Kenny Jackson to third
Matt Walker to second
Batting: RHB Ryan Davis 0-0: Ball
1-0: Called Strike
1-1: Swinging Strike
1-2: Ball
Wild Pitch!
Kenny Jackson scores
Matt Walker to third
Eric Gaugler to second
2-2: Strikes out looking
Bottom of the 8th over - 2 runs, 3 hits, 0 errors, 2 left on base; Chester 1 - Brockton 2
TOP OF THE 9TH
Chester Pirates batting - Pitching for Brockton Rox : RHP Wu-sheng Zi
Pitching: RHP Carlos Salazar
Now at 2B: Joe Lewis
Now at SS: Kenny Jackson
Now in RF: Isaiah Spitzbarth
Pinch Hitting: SHB Mike Corley 0-0: Ball
1-0: Ball
2-0: Ball
3-0: Called Strike
3-1: Base on Balls
Batting: RHB Ryan Thurston 0-0: Sac Bunt to 15S - play at first, batter OUT! 1-3
Mike Corley to second
Batting: RHB Zach Chmieleski 0-0: Swinging Strike
0-1: Ball
1-1: Called Strike
1-2: Ball
2-2: Ball
3-2: Base on Balls
Pinch Hitting: RHB Edwardo Tanchez 0-0: Ball
1-0: Foul Ball, location: 2F
1-1: Ball
2-1: Ball
3-1: Grounds into double play, 4-6-3 (Groundball, 4, EV 83.8 MPH)
Top of the 9th over - 0 runs, 0 hits, 0 errors, 1 left on base; Chester 1 - Brockton 2
Tuesday, March 28th , 2023 - OOTP Baseball 23.10 Build 110